[ AOE2 MATCH · #495641768 ]
UnrankedChinese vs Celts
Player's team · WIN
Rival team · LOSS
[ REPLAY ANALYSIS · EXTRACTED FROM THE RECORDED GAME ]
Feudal
10:32
Castle
22:51
Imperial
—
| APM avg | 63.2 |
| APM peak | 90 |
| eAPM avg | 27.1 |
| Villagers / military | 75 / 52 |
Focus
⚔️ 48.0% · 🌾 52.0%
Skirmisher ×20 · Archer ×13 · Knight ×12 · Militia ×5 · Iron Pagoda ×2
Feudal
9:18
Castle
21:07
Imperial
—
| APM avg | 52.6 |
| APM peak | 85 |
| eAPM avg | 24.8 |
| Villagers / military | 82 / 51 |
Focus
⚔️ 42.3% · 🌾 57.7%
Archer ×35 · Monk ×5 · Militia ×5 · Mangonel ×5 · Skirmisher ×1
Match map
Initial resources + every placement click. Lines = walls · curves = elevation contours. ◆ gold · ⬟ stone · ● berries · ✦ relic · ◌ wall gap
Your base· ✓ Closed at 22:51 · 63t walls · no gate
TAG_Z40's base· Open — opponent sealed themselves in
Smoothed initial terrain · ◌ = detected wall gap · hover for details
Inputs per minute
— hK | Siesta - - TAG_Z40
Build order — hK | Siesta
First 150 of 242 actions detected
| 0:04 | Research | Loom |
| 0:55 | Create | Villager (Male) |
| 1:18 | Create | Villager (Male) |
| 1:42 | Create | Villager (Male) |
| 2:07 | Build | Lumber Camp |
| 2:09 | Create | Villager (Male) |
| 2:10 | Create | Villager (Male) |
| 2:31 | Create | Villager (Male) |
| 2:31 | Create | Villager (Male) |
| 2:45 | Create | Villager (Male) |
| 2:45 | Create | Villager (Male) |
| 3:16 | Create | Villager (Male) |
| 3:16 | Create | Villager (Male) |
| 3:39 | Create | Villager (Male) |
| 3:40 | Create | Villager (Male) |
| 3:45 | Build | House |
| 4:05 | Create | Villager (Male) |
| 4:05 | Create | Villager (Male) |
| 4:34 | Create | Villager (Male) |
| 4:38 | Create | Villager (Male) |
| 4:38 | Create | Villager (Male) |
| 4:45 | Build | Barracks |
| 4:53 | Create | Villager (Male) |
| 5:03 | Build | House |
| 5:14 | Create | Villager (Male) |
| 5:14 | Create | Villager (Male) |
| 5:43 | Create | Militia |
| 5:47 | Create | Militia |
| 5:49 | Create | Villager (Male) |
| 6:16 | Create | Villager (Male) |
| 6:27 | Build | Mill |
| 6:37 | Build | House |
| 6:48 | Create | Villager (Male) |
| 7:08 | Build | Palisade Wall |
| 7:14 | Build | Farm |
| 7:49 | Create | Villager (Male) |
| 7:50 | Build | Farm |
| 8:22 | Research | Feudal Age |
| 8:23 | Research | Feudal Age |
| 8:31 | Build | Palisade Wall |
| 8:33 | Build | Palisade Wall |
| 8:33 | Build | Palisade Wall |
| 8:48 | Create | Militia |
| 8:53 | Build | Mining Camp |
| 9:33 | Build | Palisade Wall |
| 9:33 | Build | Palisade Wall |
| 9:35 | Build | Palisade Wall |
| 9:38 | Create | Militia |
| 10:13 | Build | Palisade Wall |
| 10:16 | Build | Palisade Wall |
| 10:17 | Build | Palisade Wall |
| 10:19 | Build | Palisade Wall |
| 10:21 | Build | Palisade Wall |
| 10:23 | Build | Palisade Wall |
| 10:29 | Create | Militia |
| 10:32 | Age | Feudal Age |
| 10:35 | Build | Palisade Wall |
| 10:36 | Build | Palisade Wall |
| 10:37 | Build | Palisade Wall |
| 10:39 | Create | Villager (Male) |
| 10:42 | Create | Villager (Male) |
| 10:44 | Build | House |
| 10:53 | Create | Villager (Male) |
| 11:00 | Build | Archery Range |
| 11:18 | Create | Villager (Male) |
| 11:24 | Build | Palisade Wall |
| 11:35 | Create | Villager (Male) |
| 11:46 | Research | Man-at-Arms (upgrade) |
| 11:56 | Create | Villager (Male) |
| 12:03 | Create | Skirmisher |
| 12:08 | Create | Villager (Male) |
| 12:20 | Create | Archer |
| 12:21 | Create | Villager (Male) |
| 12:23 | Build | House |
| 12:32 | Create | Villager (Male) |
| 12:34 | Build | Lumber Camp |
| 12:38 | Create | Archer |
| 12:41 | Create | Villager (Male) |
| 12:48 | Build | Palisade Wall |
| 12:50 | Build | Palisade Wall |
| 12:52 | Build | Palisade Wall |
| 12:53 | Build | Palisade Wall |
| 12:54 | Build | Palisade Wall |
| 13:00 | Create | Villager (Male) |
| 13:17 | Build | Farm |
| 13:18 | Build | Farm |
| 13:20 | Build | Farm |
| 13:24 | Create | Archer |
| 13:31 | Create | Villager (Male) |
| 13:34 | Build | House |
| 13:54 | Create | Skirmisher |
| 13:58 | Build | Farm |
| 14:02 | Build | House |
| 14:05 | Create | Villager (Male) |
| 14:08 | Build | House |
| 14:24 | Create | Archer |
| 14:25 | Build | Farm |
| 14:34 | Create | Villager (Male) |
| 14:34 | Create | Villager (Male) |
| 14:40 | Build | Farm |
| 14:42 | Create | Archer |
| 14:53 | Create | Villager (Male) |
| 14:54 | Build | House |
| 15:03 | Create | Villager (Male) |
| 15:14 | Build | Blacksmith |
| 15:19 | Build | Farm |
| 15:19 | Create | Villager (Male) |
| 15:26 | Build | Palisade Wall |
| 15:35 | Create | Villager (Male) |
| 15:46 | Build | Palisade Wall |
| 15:47 | Build | Palisade Wall |
| 15:57 | Build | Palisade Wall |
| 16:06 | Research | Fletching |
| 16:06 | Create | Archer |
| 16:28 | Create | Villager (Male) |
| 16:30 | Build | Farm |
| 16:38 | Build | House |
| 16:39 | Create | Archer |
| 16:45 | Build | House |
| 16:47 | Build | House |
| 16:57 | Build | Farm |
| 16:58 | Build | Farm |
| 17:03 | Create | Villager (Male) |
| 17:04 | Build | Farm |
| 17:06 | Build | Farm |
| 17:18 | Build | House |
| 17:26 | Build | Farm |
| 17:27 | Create | Villager (Male) |
| 17:28 | Build | Farm |
| 18:12 | Create | Archer |
| 18:24 | Create | Villager (Male) |
| 18:26 | Build | Farm |
| 18:27 | Build | Farm |
| 18:28 | Build | Farm |
| 18:32 | Build | Farm |
| 18:32 | Build | Farm |
| 18:35 | Create | Archer |
| 18:47 | Create | Villager (Male) |
| 19:22 | Build | Farm |
| 19:42 | Create | Archer |
| 19:44 | Build | Archery Range |
| 20:11 | Research | Castle Age |
| 20:25 | Create | Archer |
| 20:43 | Build | House |
| 20:44 | Create | Archer |
| 20:44 | Create | Archer |
| 20:45 | Create | Skirmisher |
| 20:47 | Create | Skirmisher |
| 20:50 | Research | Padded Archer Armor |
| 20:50 | Research | Padded Archer Armor |
Build order — TAG_Z40
First 150 of 268 actions detected
| 0:01 | Create | Villager (Male) |
| 0:01 | Create | Villager (Male) |
| 0:01 | Create | Villager (Male) |
| 0:02 | Create | Villager (Male) |
| 0:02 | Build | House |
| 0:05 | Build | House |
| 1:25 | Build | House |
| 1:34 | Create | Villager (Male) |
| 2:00 | Build | Lumber Camp |
| 2:04 | Create | Villager (Male) |
| 2:04 | Create | Villager (Male) |
| 2:28 | Create | Villager (Male) |
| 2:28 | Create | Villager (Male) |
| 2:40 | Create | Villager (Male) |
| 2:40 | Create | Villager (Male) |
| 3:07 | Create | Villager (Male) |
| 3:42 | Create | Villager (Male) |
| 3:56 | Build | House |
| 4:04 | Create | Villager (Male) |
| 4:05 | Create | Villager (Male) |
| 4:31 | Create | Villager (Male) |
| 4:34 | Build | House |
| 4:43 | Create | Villager (Male) |
| 5:09 | Build | Barracks |
| 5:20 | Create | Villager (Male) |
| 5:29 | Research | Loom |
| 5:35 | Create | Villager (Male) |
| 5:36 | Research | Loom |
| 6:41 | Create | Villager (Male) |
| 7:08 | Research | Feudal Age |
| 7:47 | Create | Militia |
| 8:01 | Build | Mill |
| 8:07 | Create | Militia |
| 8:07 | Create | Militia |
| 8:07 | Create | Militia |
| 8:14 | Create | Militia |
| 8:36 | Build | House |
| 8:43 | Build | Palisade Wall |
| 8:45 | Build | Palisade Wall |
| 9:01 | Build | Palisade Wall |
| 9:02 | Build | Palisade Wall |
| 9:03 | Build | Palisade Wall |
| 9:07 | Create | Villager (Male) |
| 9:16 | Build | Palisade Wall |
| 9:17 | Build | Palisade Wall |
| 9:18 | Build | Palisade Wall |
| 9:18 | Age | Feudal Age |
| 9:21 | Research | Man-at-Arms (upgrade) |
| 9:21 | Research | Man-at-Arms (upgrade) |
| 9:34 | Create | Villager (Male) |
| 9:59 | Build | Archery Range |
| 10:06 | Research | Double-Bit Axe |
| 10:07 | Research | Double-Bit Axe |
| 10:07 | Create | Villager (Male) |
| 10:12 | Build | Farm |
| 10:13 | Build | Farm |
| 10:27 | Create | Villager (Male) |
| 10:33 | Build | Mining Camp |
| 10:39 | Build | Palisade Wall |
| 10:41 | Build | Palisade Wall |
| 10:42 | Build | Palisade Wall |
| 10:49 | Build | House |
| 10:56 | Create | Villager (Male) |
| 10:59 | Build | Farm |
| 11:13 | Create | Villager (Male) |
| 11:17 | Create | Skirmisher |
| 11:20 | Build | Palisade Wall |
| 11:28 | Create | Villager (Male) |
| 11:32 | Build | Palisade Wall |
| 11:34 | Build | Palisade Wall |
| 11:58 | Create | Villager (Male) |
| 11:59 | Create | Villager (Male) |
| 12:00 | Build | Farm |
| 12:03 | Build | Palisade Wall |
| 12:11 | Build | Palisade Wall |
| 12:16 | Create | Villager (Male) |
| 12:17 | Build | Farm |
| 12:34 | Build | House |
| 12:36 | Create | Archer |
| 12:36 | Create | Archer |
| 12:39 | Build | Blacksmith |
| 12:56 | Create | Villager (Male) |
| 13:04 | Build | Farm |
| 13:05 | Build | Farm |
| 13:08 | Build | Farm |
| 13:11 | Create | Archer |
| 13:16 | Create | Villager (Male) |
| 13:18 | Build | Farm |
| 13:20 | Build | Farm |
| 13:22 | Create | Villager (Male) |
| 13:23 | Create | Villager (Male) |
| 13:25 | Build | Farm |
| 13:35 | Build | Palisade Wall |
| 13:36 | Build | Palisade Wall |
| 13:37 | Build | Palisade Wall |
| 13:51 | Build | Farm |
| 13:55 | Create | Villager (Male) |
| 14:00 | Build | Farm |
| 14:03 | Create | Villager (Male) |
| 14:11 | Create | Archer |
| 14:23 | Build | Palisade Wall |
| 14:25 | Create | Archer |
| 14:34 | Create | Villager (Male) |
| 14:38 | Build | House |
| 14:47 | Build | Farm |
| 14:49 | Build | House |
| 14:51 | Build | Farm |
| 15:03 | Research | Fletching |
| 15:16 | Research | Wheelbarrow |
| 15:23 | Build | House |
| 15:25 | Build | House |
| 15:26 | Build | House |
| 15:26 | Build | House |
| 15:27 | Build | House |
| 15:30 | Create | Archer |
| 15:32 | Create | Archer |
| 15:42 | Build | Lumber Camp |
| 15:49 | Create | Archer |
| 16:04 | Create | Villager (Male) |
| 16:11 | Build | Palisade Wall |
| 16:15 | Build | Palisade Wall |
| 16:17 | Create | Villager (Male) |
| 16:19 | Create | Archer |
| 16:30 | Build | House |
| 16:43 | Create | Archer |
| 17:15 | Create | Villager (Male) |
| 17:20 | Build | Market |
| 17:27 | Build | House |
| 18:00 | Build | House |
| 18:03 | Build | House |
| 18:08 | Create | Archer |
| 18:27 | Research | Castle Age |
| 18:27 | Research | Castle Age |
| 18:28 | Create | Archer |
| 18:46 | Build | Archery Range |
| 18:54 | Research | Padded Archer Armor |
| 19:21 | Create | Archer |
| 19:22 | Create | Archer |
| 19:24 | Research | Horse Collar |
| 19:41 | Build | House |
| 19:43 | Build | House |
| 19:53 | Build | Farm |
| 20:04 | Build | House |
| 20:22 | Create | Archer |
| 20:22 | Create | Archer |
| 20:43 | Create | Archer |
| 20:45 | Build | Farm |
| 21:07 | Age | Castle Age |
| 21:10 | Research | Crossbowman (upgrade) |
| 21:10 | Research | Bodkin Arrow |
Match timeline
| 4:45 | hK | Siesta · first_building Barracks |
| 5:09 | TAG_Z40 · first_building Barracks |
| 7:08 | hK | Siesta · wall_segment Palisade Wall x6 |
| 8:31 | hK | Siesta · wall_segment Palisade Wall x7 |
| 8:33 | hK | Siesta · wall_segment Palisade Wall x3 |
| 8:33 | hK | Siesta · wall_segment Palisade Wall x1 |
| 8:43 | TAG_Z40 · wall_segment Palisade Wall x1 |
| 8:45 | TAG_Z40 · wall_segment Palisade Wall x1 |
| 9:01 | TAG_Z40 · wall_segment Palisade Wall x1 |
| 9:02 | TAG_Z40 · wall_segment Palisade Wall x1 |
| 9:03 | TAG_Z40 · wall_segment Palisade Wall x1 |
| 9:16 | TAG_Z40 · wall_segment Palisade Wall x1 |
| 9:17 | TAG_Z40 · wall_segment Palisade Wall x1 |
| 9:18 | TAG_Z40 · wall_segment Palisade Wall x1 |
| 9:18 | TAG_Z40 · age_up feudal |
| 9:33 | hK | Siesta · wall_segment Palisade Wall x1 |
| 9:33 | hK | Siesta · wall_segment Palisade Wall x1 |
| 9:35 | hK | Siesta · wall_segment Palisade Wall x1 |
| 9:59 | TAG_Z40 · first_building Archery Range |
| 10:13 | hK | Siesta · wall_segment Palisade Wall x1 |
| 10:16 | hK | Siesta · wall_segment Palisade Wall x1 |
| 10:17 | hK | Siesta · wall_segment Palisade Wall x1 |
| 10:19 | hK | Siesta · wall_segment Palisade Wall x1 |
| 10:21 | hK | Siesta · wall_segment Palisade Wall x1 |
| 10:23 | hK | Siesta · wall_segment Palisade Wall x1 |
| 10:32 | hK | Siesta · age_up feudal |
| 10:35 | hK | Siesta · wall_segment Palisade Wall x1 |
| 10:36 | hK | Siesta · wall_segment Palisade Wall x1 |
| 10:37 | hK | Siesta · wall_segment Palisade Wall x1 |
| 10:39 | TAG_Z40 · wall_segment Palisade Wall x1 |
| 10:41 | TAG_Z40 · wall_segment Palisade Wall x1 |
| 10:42 | TAG_Z40 · wall_segment Palisade Wall x1 |
| 11:00 | hK | Siesta · first_building Archery Range |
| 11:20 | TAG_Z40 · wall_segment Palisade Wall x1 |
| 11:24 | hK | Siesta · wall_segment Palisade Wall x1 |
| 11:32 | TAG_Z40 · wall_segment Palisade Wall x1 |
| 11:34 | TAG_Z40 · wall_segment Palisade Wall x1 |
| 12:03 | TAG_Z40 · wall_segment Palisade Wall x1 |
| 12:11 | TAG_Z40 · wall_segment Palisade Wall x1 |
| 12:48 | hK | Siesta · wall_segment Palisade Wall x1 |
| 12:50 | hK | Siesta · wall_segment Palisade Wall x1 |
| 12:52 | hK | Siesta · wall_segment Palisade Wall x1 |
| 12:53 | hK | Siesta · wall_segment Palisade Wall x1 |
| 12:54 | hK | Siesta · wall_segment Palisade Wall x1 |
| 13:35 | TAG_Z40 · wall_segment Palisade Wall x1 |
| 13:36 | TAG_Z40 · wall_segment Palisade Wall x1 |
| 13:37 | TAG_Z40 · wall_segment Palisade Wall x1 |
| 14:23 | TAG_Z40 · wall_segment Palisade Wall x8 |
| 15:26 | hK | Siesta · wall_segment Palisade Wall x14 |
| 15:46 | hK | Siesta · wall_segment Palisade Wall x1 |
| 15:47 | hK | Siesta · wall_segment Palisade Wall x11 |
| 15:57 | hK | Siesta · wall_segment Palisade Wall x2 |
| 16:11 | TAG_Z40 · wall_segment Palisade Wall x4 |
| 16:15 | TAG_Z40 · wall_segment Palisade Wall x11 |
| 18:27 | TAG_Z40 · first_market_sell 100 wood |
| 21:07 | TAG_Z40 · age_up castle |
| 22:16 | TAG_Z40 · first_building Siege Workshop |
| 22:34 | TAG_Z40 · wall_segment Palisade Wall x1 |
| 22:51 | hK | Siesta · age_up castle |
| 23:12 | hK | Siesta · first_building Siege Workshop |
| 23:54 | TAG_Z40 · first_market_buy 100 wood |
| 24:21 | hK | Siesta · wall_segment Palisade Wall x1 |
| 25:51 | hK | Siesta · first_building Stable |
| 26:45 | TAG_Z40 · first_building Monastery |
| 31:34 | TAG_Z40 · resign |
[ AI ANALYSIS · 1 CREDIT ]
What really happened in this match?
Wolo.gg analyzes every decision: build order, eco, micro, common mistakes by bracket. Personalized analysis on WhatsApp or Discord in 30 seconds.
Civ guide
Chinese
Perfil
Jugador #15174925